 Dungeon Crawl Stone Soup version 0.21.1-1-g345015fe64 (webtiles) character file.

108840 gmrwt the Unseen (level 16, -4/88 HPs)
             Began as a Spriggan Enchanter on Feb 17, 2018.
             Was an Initiate of Gozag.
             Blown up by an orb spider (45 damage)
             ... with an orb of destruction
             ... on level 1 of the Spider Nest.
             The game lasted 03:09:24 (42164 turns).

gmrwt the Unseen (Spriggan Enchanter)              Turns: 42164, Time: 03:09:25

Health: -4/88      AC:  8    Str:  3    XL:     16   Next: 3%
Magic:  31/31      EV: 38    Int: 19    God:    Gozag
Gold:   3961       SH:  0    Dex: 21    Spells: 23/35 levels left

rFire    . . .     SeeInvis +   a - +2 dagger (pierce)
rCold    . . .     Gourm    .   (shield restricted)
rNeg     + . .     Faith    .   C - +1 robe {MR+}
rPois    +         Spirit   .   F - +2 hat
rElec    .         Reflect  .   s - +2 ratskin cloak {+Rats rPois rN+ Str-1 Int-1 Dex+1}
rCorr    +         Harm     .   (gloves unavailable)
MR       +++..                  (boots unavailable)
Stlth    ++++++++..             Y - amulet of regeneration
HPRegen  0.64/turn              Z - +3 ring of evasion
MPRegen  0.22/turn              w - ring of resist corrosion

@: very quick
A: very small, unfitting armour, see invisible, herbivore, speed 3, slow
metabolism 2
a: Potion Petition, Call Merchant, Bribe Branch, Renounce Religion, Evoke
Ratskin


You were on level 1 of the Spider Nest.
You worshipped Gozag.
Gozag was most pleased with you.
You were hungry.

You visited 6 branches of the dungeon, and saw 26 of its levels.
You also visited: Ice Cave.

You collected 7642 gold pieces.
You spent 3556 gold pieces at shops.
You paid 125 gold pieces to Gozag.

Inventory:

Hand Weapons
 a - a +2 dagger of piercing (weapon)
 P - a +1 dagger of draining
 R - a +1 dagger of pain
Missiles
 c - 2 throwing nets (quivered)
Armour
 k - a +2 robe of cold resistance
 s - the +2 ratskin cloak (worn) {+Rats rPois rN+ Str-1 Int-1 Dex+1}
   (You bought it in a shop on level 13 of the Dungeon)

   It affects your strength (-1).
   It affects your intelligence (-1).
   It affects your dexterity (+1).
   It protects you from poison.
   It protects you from negative energy.
 C - a +1 robe of magic resistance (worn)
 F - a +2 hat (worn)
 T - a scarf of resistance
Jewellery
 b - the ring of the Mage {Wiz MR++ Int+3}
   (You found it on level 9 of the Dungeon)

   [ring of wizardry]

   It improves your spell success rate.
   It affects your intelligence (+3).
   It affects your resistance to hostile enchantments.
 p - an uncursed ring of see invisible
 v - an uncursed ring of stealth
 w - a ring of resist corrosion (right hand)
 Q - an uncursed ring of positive energy
 Y - an amulet of regeneration (around neck)
 Z - a +3 ring of evasion (left hand)
Wands
 i - a wand of enslavement (24)
 J - a wand of iceblast (8)
 X - a wand of acid (12)
Scrolls
 e - 2 scrolls of identify
 g - 6 scrolls of magic mapping
 j - 17 scrolls of remove curse
 l - 2 scrolls of fog
 n - 12 scrolls of teleportation
 u - 2 scrolls of enchant weapon
 B - 5 scrolls of enchant armour
 V - a scroll of amnesia
Potions
 f - a potion of brilliance
 h - 2 potions of curing
 m - 3 potions of flight
 o - 3 potions of agility
 q - 3 potions of heal wounds
 r - a potion of haste
 z - 2 potions of magic {unknown}
 A - a potion of berserk rage {unknown}
 D - 3 potions of might {unknown}
 G - a potion of degeneration {unknown}
 H - a potion of invisibility {unknown}
 I - a potion of resistance {unknown}
 N - a potion of ambrosia {unknown}
 U - 3 potions of mutation {unknown}
 W - a potion of lignification {unknown}
Comestibles
 d - 47 rations


   Skills:
 * Level 11.6 Fighting
 + Level 14.4 Short Blades
 + Level 17.4 Dodging
 + Level 20.2 Stealth
 - Level 10.0 Spellcasting
 - Level 10.3 Hexes


You had 23 spell levels left.
You knew the following spells:

 Your Spells              Type           Power        Failure   Level  Hunger
a - Corona                Hex            #####..      1%          1    None
b - Ensorcelled Hibernat  Hex/Ice        ####..       1%          2    None
c - Confuse               Hex            #####...     1%          3    None
d - Dazzling Spray        Conj/Hex       ####..       2%          3    None
e - Tukima's Dance        Hex            #####...     1%          3    None


Dungeon Overview and Level Annotations

Branches:
Dungeon (15/15)            Temple (1/1) D:7            Lair (6/6) D:11
 Shoals (0/4) Lair:2       Spider (1/4) Lair:4        Slime (0/5) Lair:6
    Orc (2/2) D:12            Elf (1/3) Orc:2        Vaults (0/5) D:13
 Depths (0/5) D:15

Altars:
Ashenzari
Dithmenos
Elyvilon
Fedhas
Gozag
Hepliaklqana
Kikubaaqudgha
Makhleb
Okawaru
Ru
Sif Muna
Vehumet
Xom
Zin

Shops:
D:5 **   D:8 *   D:12 ([   D:13 [}   D:14 =   Orc:2 [[*}

Portals:
Trove: D:12 (give +8 demon blade)

Annotations:
D:4 exclusion: downstairs, Pikel; gmrwt's ghost, amateur SpEn
D:9 exclusion: upstairs
Lair:2 exclusions: ice statue and oklob plant
Lair:4 exclusion: downstairs
Lair:5 exclusion: downstairs


Innate Abilities, Weirdness & Mutations

You are very small and have problems with some larger weapons.
You are too small for most types of armour.
You have supernaturally acute eyesight. (SInv)
You are a herbivore.
You cover ground extremely quickly.
You need consume almost no food.


Message History

Aim: a redback (lightly wounded, chance to defeat MR: 71%)
Okay, then.
Casting: Confuse
Confirm with . or Enter, or press ? or * to list all spells.
Aiming: Ensorcelled Hibernation
Press: ? - help, Shift-Dir - straight line, f - redback
Aim: a redback (lightly wounded, chance to defeat MR: 58%)
The redback looks drowsy...
The orb spider weaves a glowing orb of energy.
An orb of destruction comes into view.
The helpless redback fails to defend itself.
You stick the redback like a pincushion!!!!!
You kill the redback!
The orb spider spins a strand of pure energy.
The orb of destruction hits you!
The orb spider weaves a glowing orb of energy.
An orb of destruction comes into view.
The orb of destruction hits you!
Ouch! That really hurt!
You die...

##.... #..s#.###......##
##...## ###^..###.......#
#.....## #.....##.....##
##..$...####.........##..#
#.$..# #.#.#........## ###
##...####............# .
##$.....#......#.....##
.####.....)##..........^##
..s#^...###≈.§§§@#....###
..§**§...#.§§..#<#.≈...#
......s..§§....####≈≈≈.#
≈≈.......$......# ######
##^#.....###...##
####...$..##.##
#..$....>### #.......##
#≈≈....#....#


There were no monsters in sight!

Vanquished Creatures
  Rupert (D:12)
  Kirke (D:12)
  An entropy weaver (Lair:4)
  Azrael (D:15)
  4 vault guards (D:13)
  Fannar (D:10)
  6 hydras
  Harold (D:12)
  A centaur warrior (D:13)
  A merfolk avatar (Lair:6)
  12 two-headed ogres
  Erica (D:11)
  An ogre mage (D:13)
  A death knight (D:15)
  The ghost of garbagetei the Quickloader, a novice GnHu of Okawaru (D:9)
  3 orc high priests (Orc:2)
  3 tengu warriors (D:15)
  Nergalle (D:12)
  3 sea snakes (Lair:6)
  2 skeletal warriors
  2 deep elf archers (Elf:1)
  2 unseen horrors
  A harpy (Lair:6)
  A necromancer (D:10)
  4 orc knights (Orc:2)
  A faun (shapeshifter) (D:13)
  10 ugly things
  3 wolf spiders (Spider:1)
  A wolf spider zombie (D:15)
  2 orb spiders (Spider:1)
  5 orc sorcerers
  12 deep elf magi
  8 cyclopes
  2 manticores
  2 elephants (Lair:6)
  Maurice (D:12)
  2 centaur zombies
  Psyche (D:10)
  2 black mambas (Lair:5)
  An eye of devastation (Lair:6)
  9 spiny frogs
  4 rime drakes
  9 komodo dragons
  2 demonic crawlers
  4 freezing wraiths
  A tengu conjurer (D:15)
  3 trolls
  6 hornets
  13 polar bears
  10 blink frogs
  8 jumping spiders (Spider:1)
  A saltling (Elf:1)
  3 slime creatures (D:12)
  5 dream sheep (Lair:6)
  5 hippogriffs
  4 flying skulls (D:10)
  4 shadows
  8 tarantellas (Spider:1)
  9 hogs
  42 redbacks
  24 yaks
  9 wraiths
  A tarantella (shapeshifter) (D:14)
  A vampire (D:15)
  A human (D:8)
  2 wyverns
  3 basilisks
  3 fire elementals
  3 hungry ghosts
  Menkaure (D:5)
  2 vampire mosquitoes (D:15)
  A soldier ant (D:13)
  A warg (Orc:2)
  9 water moccasins
  2 acid dragons
  4 hell hounds (D:15)
  11 porcupines
  4 sky beasts
  A necrophage (D:6)
  22 orc warriors
  11 ice beasts
  3 phantoms
  6 black bears
  8 ogres
  2 eyes of draining
  11 centaurs
  17 wolves
  4 big kobolds
  14 crocodiles
  14 bullfrogs
  An earth elemental (Orc:2)
  A wyvern skeleton (D:10)
  3 scorpions
  A water moccasin skeleton (D:10)
  7 killer bees
  12 wights
  A spriggan skeleton (D:10)
  2 howler monkeys (D:10)
  4 crimson imps
  3 bullfrog zombies
  4 hounds
  5 jellies
  8 centaur skeletons
  12 orc priests
  3 bullfrog skeletons
  22 orc wizards
  Jessica (D:2)
  An iguana (D:11)
  12 worker ants
  3 hound skeletons
  2 worker ant zombies
  A howler monkey zombie (D:10)
  12 adders
  3 shadow imps
  13 white imps
  An adder skeleton (D:13)
  An adder zombie (D:10)
  2 worms
  6 leopard geckos
  69 orcs
  2 ball pythons
  6 bats
  4 giant cockroaches
  8 goblins
  7 hobgoblins
  5 jackals
  14 kobolds
  7 quokkas
  5 frilled lizards
  A giant cockroach zombie (D:6)
  A leopard gecko skeleton (D:5)
  2 leopard gecko zombies (D:5)
  6 rats
  A fungus (Lair:6)
739 creatures vanquished.

Vanquished Creatures (others)
  A dancing weapon (Elf:1)
  2 orc priests (Orc:2)
  A bush (Lair:6)
  18 fungi
  17 plants
39 creatures vanquished.

Grand Total: 778 creatures vanquished

Notes
Turn   | Place    | Note
-------+----------+-------------------------------------------
     0 | D:1      | gmrwt the Spriggan Enchanter began the quest for the Orb.
     0 | D:1      | Reached XP level 1. HP: 9/9 MP: 5/5
   470 | D:1      | Reached XP level 2. HP: 13/13 MP: 6/6
   482 | D:1      | Reached skill level 5 in Stealth
   672 | D:1      | Learned a level 2 spell: Ensorcelled Hibernation
  1279 | D:2      | Reached XP level 3. HP: 16/16 MP: 8/8
  1284 | D:2      | Learned a level 3 spell: Confuse
  1517 | D:2      | Noticed Jessica
  1520 | D:2      | Killed Jessica
  1520 | D:2      | Reached skill level 6 in Stealth
  1850 | D:2      | Reached XP level 4. HP: 10/21 MP: 5/10
  2070 | D:2      | Learned a level 3 spell: Dazzling Spray
  2772 | D:3      | Found a glowing drain.
  3230 | D:3      | Reached skill level 7 in Stealth
  3407 | D:3      | Found a white marble altar of Elyvilon.
  3452 | D:3      | Reached XP level 5. HP: 24/24 MP: 11/11
  3723 | D:4      | Noticed a slave
  4180 | D:4      | Found a shadowy altar of Dithmenos.
  4183 | D:4      | Found an ancient bone altar of Kikubaaqudgha.
  4503 | D:4      | Noticed a phantom
  4822 | D:4      | Noticed Pikel
  4822 | D:4      | Noticed a slave
  4822 | D:4      | Noticed a slave
  4823 | D:4      | Noticed a slave
  4899 | D:4      | Noticed a phantom
  4925 | D:4      | Killed a phantom
  4925 | D:4      | Reached skill level 8 in Stealth
  4925 | D:4      | Reached XP level 6. HP: 28/28 MP: 13/13
  4930 | D:4      | Learned a level 3 spell: Tukima's Dance
  5136 | D:4      | Reached skill level 9 in Stealth
  5264 | D:4      | Noticed gmrwt's ghost (amateur SpEn)
  5406 | D:5      | Entered Level 5 of the Dungeon
  5481 | D:4      | Reached skill level 5 in Spellcasting
  5855 | D:5      | Found Puexiahi's Assorted Antiques.
  5872 | D:5      | Noticed Menkaure
  6143 | D:5      | Reached XP level 7. HP: 13/32 MP: 8/15
  6461 | D:5      | Killed Menkaure
  6597 | D:5      | Reached skill level 10 in Stealth
  6601 | D:5      | Found Neleeb's General Store.
  6603 | D:5      | Found Immituw's Food Boutique.
  7092 | D:5      | Reached skill level 5 in Short Blades
  7497 | D:5      | Reached XP level 8. HP: 36/36 MP: 13/19
  7507 | D:5      | Bought a ration for 60 gold pieces
  7507 | D:5      | Bought a ration for 60 gold pieces
  7507 | D:5      | Bought a ration for 60 gold pieces
  7507 | D:5      | Bought a ration for 60 gold pieces
  7594 | D:6      | Found a shimmering altar of Xom.
  7594 | D:6      | Found a burning altar of Makhleb.
  7860 | D:6      | Found a sacrificial altar of Ru.
  9001 | D:7      | Found a staircase to the Ecumenical Temple.
  9015 | Temple   | Entered the Ecumenical Temple
  9033 | Temple   | Became a worshipper of Gozag Ym Sagoz the Greedy
  9469 | D:8      | Noticed a hippogriff
  9473 | D:8      | Killed a hippogriff
  9473 | D:8      | Reached skill level 11 in Stealth
  9473 | D:8      | Reached skill level 5 in Hexes
  9478 | D:8      | Noticed a two-headed ogre
  9481 | D:8      | Killed a two-headed ogre
  9481 | D:8      | Reached XP level 9. HP: 28/39 MP: 18/22
  9516 | D:8      | Found a hazy altar of Hepliaklqana.
  9658 | D:8      | Reached skill level 12 in Stealth
  9816 | D:8      | Reached skill level 5 in Dodging
 10667 | D:8      | Found Gedghaluupp's Goods Gallery.
 10841 | D:9      | Reached XP level 10. HP: 44/44 MP: 23/23
 10933 | D:9      | Found the ring of the Mage {Wiz MR++ Int+3}
 11693 | D:9      | Found a shattered altar of Ashenzari.
 11713 | D:9      | Noticed garbagetei's ghost (novice GnHu)
 11750 | D:10     | Entered Level 10 of the Dungeon
 11760 | D:10     | Noticed Fannar
 11791 | D:10     | Reached skill level 13 in Stealth
 11794 | D:10     | Noticed Psyche
 11796 | D:10     | Killed Psyche
 12078 | D:10     | Noticed an unseen horror
 12105 | D:10     | Killed an unseen horror
 12204 | D:10     | Noticed a two-headed ogre
 12208 | D:10     | Killed a two-headed ogre
 12208 | D:10     | Reached skill level 10 in Hexes
 12213 | D:10     | Noticed a two-headed ogre
 12230 | D:10     | Killed a two-headed ogre
 12361 | D:10     | Reached skill level 14 in Stealth
 12506 | D:10     | Killed Fannar
 12506 | D:10     | Reached XP level 11. HP: 47/47 MP: 19/24
 13047 | D:10     | Found an iron altar of Okawaru.
 13238 | D:10     | Noticed a skeletal warrior
 14339 | D:10     | Reached skill level 10 in Short Blades
 14367 | D:10     | Reached skill level 10 in Dodging
 14367 | D:10     | Reached skill level 15 in Stealth
 15505 | D:11     | Noticed Erica
 15717 | D:11     | Found a staircase to the Lair.
 15959 | D:11     | Noticed a two-headed ogre
 15966 | D:11     | Killed a two-headed ogre
 16310 | D:11     | Killed Erica
 16471 | Lair:1   | Entered Level 1 of the Lair of Beasts
 17139 | Lair:1   | Reached XP level 12. HP: 40/51 MP: 18/26
 17320 | Lair:1   | Reached skill level 1 in Fighting
 18878 | Lair:2   | Reached skill level 16 in Stealth
 19021 | Lair:2   | Found a staircase to the Shoals.
 19071 | Lair:2   | Got a shimmering hunting sling
 20955 | Lair:4   | Reached skill level 10 in Spellcasting
 21096 | Lair:4   | Found a hole to the Spider Nest.
 21433 | Lair:4   | Noticed a six-headed hydra
 21448 | Lair:4   | Killed a six-headed hydra
 21909 | Lair:5   | Reached skill level 5 in Fighting
 22008 | Lair:5   | Reached XP level 13. HP: 63/63 MP: 28/28
 22900 | Lair:6   | Entered Level 6 of the Lair of Beasts
 23359 | Lair:6   | Reached skill level 17 in Stealth
 24359 | Lair:6   | Found the +3 Elemental Staff {rElec rF++ rC++ MR++ AC+5}
 24359 | Lair:6   | Found a staircase to the Slime Pits.
 26326 | D:12     | Found a labyrinth entrance.
 26695 | D:12     | Noticed Harold
 26704 | D:12     | Killed Harold
 26747 | D:12     | Found a portal to a secret trove of treasure.
 27073 | D:12     | Noticed Rupert
 27081 | D:12     | Killed Rupert
 27081 | D:12     | Reached skill level 18 in Stealth
 27081 | D:12     | Reached XP level 14. HP: 72/72 MP: 29/29
 27097 | D:12     | Noticed Maurice
 27107 | D:12     | Killed Maurice
 27143 | D:12     | Found Qywauc's Weapon Boutique.
 27182 | D:12     | Noticed Nergalle
 27195 | D:12     | Killed Nergalle
 27195 | D:12     | Reached skill level 15 in Dodging
 27234 | D:12     | Found a staircase to the Orcish Mines.
 27272 | D:12     | Noticed Kirke
 27361 | D:12     | Found Zereh's Armour Boutique.
 27377 | D:12     | Bought a +2 hat for 192 gold pieces
 27816 | D:12     | Killed Kirke
 27898 | D:13     | Found Eclo's Antique Weapon Boutique.
 28043 | D:13     | Found Byrchelut's Gadget Shop.
 28095 | D:13     | Bought a wand of iceblast (11) for 210 gold pieces
 28740 | D:13     | Found Feaxeigh's Food Emporium.
 28749 | D:13     | Bought a ration for 60 gold pieces
 28749 | D:13     | Bought a ration for 60 gold pieces
 28749 | D:13     | Bought a ration for 60 gold pieces
 28749 | D:13     | Bought a ration for 60 gold pieces
 28749 | D:13     | Bought a ration for 60 gold pieces
 28749 | D:13     | Bought a ration for 60 gold pieces
 28749 | D:13     | Bought a ration for 60 gold pieces
 28749 | D:13     | Bought a ration for 60 gold pieces
 28749 | D:13     | Bought a ration for 60 gold pieces
 28749 | D:13     | Bought a ration for 60 gold pieces
 28749 | D:13     | Bought a ration for 60 gold pieces
 28783 | D:13     | Found Boifumi's Antique Armour Boutique.
 29075 | D:13     | Found a gate to the Vaults.
 30336 | D:13     | Found a deep blue altar of Sif Muna.
 30647 | D:14     | Found an opulent altar of Gozag.
 30795 | D:14     | Found a frozen archway.
 31068 | IceCv    | Entered an ice cave
 31371 | D:14     | Found Bifeor's Jewellery Shoppe.
 31392 | D:14     | Bought an uncursed amulet of regeneration for 390 gold pieces
 31392 | D:14     | Bought a +3 ring of evasion for 273 gold pieces
 31965 | D:15     | Entered Level 15 of the Dungeon
 32154 | D:15     | Reached skill level 19 in Stealth
 32177 | D:15     | Noticed Azrael
 32181 | D:15     | Killed Azrael
 32647 | D:15     | Reached skill level 10 in Fighting
 32802 | D:15     | Reached XP level 15. HP: 80/80 MP: 26/30
 33889 | D:9      | Killed garbagetei's ghost
 34578 | D:5      | Bought a ration for 65 gold pieces
 34580 | D:5      | Bought a ration for 60 gold pieces
 34580 | D:5      | Bought a ration for 60 gold pieces
 34580 | D:5      | Bought a ration for 60 gold pieces
 34580 | D:5      | Bought a ration for 60 gold pieces
 34580 | D:5      | Bought a ration for 60 gold pieces
 34580 | D:5      | Bought a ration for 60 gold pieces
 34580 | D:5      | Bought a ration for 60 gold pieces
 34740 | Orc:1    | Entered Level 1 of the Orcish Mines
 34934 | Orc:2    | Entered Level 2 of the Orcish Mines
 35743 | Orc:2    | Found a staircase to the Elven Halls.
 36754 | Orc:2    | Found Dogei's Armour Shop.
 36754 | Orc:2    | Found Nauschiu's Gadget Shoppe.
 36784 | Orc:2    | Found Honut's Armour Shop.
 36784 | Orc:2    | Found Adeff's Assorted Antiques.
 36798 | Orc:2    | Bought a potion of heal wounds for 135 gold pieces
 36798 | Orc:2    | Bought a scroll of identify for 54 gold pieces
 37918 | Spider:1 | Entered Level 1 of the Spider Nest
 39226 | Spider:1 | Reached skill level 20 in Stealth
 39753 | Elf:1    | Entered Level 1 of the Elven Halls
 41504 | D:13     | Bought the +2 ratskin cloak {+Rats rPois rN+ Str-1 Int-1 Dex+1} for 917 gold pieces
 41504 | D:13     | Found the +2 ratskin cloak {+Rats rPois rN+ Str-1 Int-1 Dex+1}
 41902 | Spider:1 | Reached XP level 16. HP: 88/88 MP: 21/31
 42164 | Spider:1 | Blown up by an orb spider

Skill      XL: |  1  2  3  4  5  6  7  8  9 10 11 12 13 14 15 |
---------------+----------------------------------------------+-----
Stealth        | 5 6 7 8 9 10 11 12 14 15 16 18 19 20 | 20.2
Spellcasting   | 3 4 5 6 8 9 10 | 10.0
Short Blades   | 2 3 4 5 6 7 9 10 11 12 13 14 | 14.4
Hexes          | 4 6 8 10 | 10.3
Dodging        | 5 8 12 13 14 16 17 | 17.4
Fighting       | 5 7 10 11 | 11.6

Action                   |  1- 3 |  4- 6 |  7- 9 | 10-12 | 13-15 | 16-18 || total
-------------------------+-------+-------+-------+-------+-------+-------++-------
Melee: Dagger            |    77 |   205 |   223 |   500 |  1328 |    12 ||  2345
 Cast: Ensorcelled Hiber |     4 |    19 |    75 |   211 |   426 |     6 ||   741
       Confuse           |       |     3 |    18 |    83 |   201 |     8 ||   313
       Corona            |       |     2 |       |     1 |       |       ||     3
       Dazzling Spray    |       |       |     4 |    10 |    36 |       ||    50
       Tukima's Dance    |       |       |       |       |     1 |       ||     1
Evoke: Wand              |       |       |       |       |    15 |       ||    15
  Use: Scroll            |       |    13 |     6 |     5 |    11 |       ||    35
       Potion            |       |       |       |       |     9 |       ||     9
 Stab: Sleeping          |    13 |    19 |    48 |   126 |   248 |     6 ||   460
       Confused          |       |     2 |    11 |    51 |    90 |     1 ||   155
       Distracted        |       |     1 |     2 |     4 |    15 |       ||    22
       Paralysed         |       |       |     1 |       |       |       ||     1
       Invisible         |       |       |       |     4 |    17 |       ||    21
  Eat: Ration            |       |     1 |     3 |     5 |    10 |       ||    19
Armor: Robe              |     3 |    35 |     9 |    20 |    31 |     1 ||    99
Dodge: Dodged            |    41 |   172 |   113 |   337 |   985 |    40 ||  1688
